%YAML 1.1
%TAG !u! tag:unity3d.com,2011:
--- !u!29 &1
OcclusionCullingSettings:
  m_ObjectHideFlags: 0
  serializedVersion: 2
  m_OcclusionBakeSettings:
    smallestOccluder: 5
    smallestHole: 0.25
    backfaceThreshold: 100
  m_SceneGUID: 00000000000000000000000000000000
  m_OcclusionCullingData: {fileID: 0}
--- !u!104 &2
RenderSettings:
  m_ObjectHideFlags: 0
  serializedVersion: 9
  m_Fog: 0
  m_FogColor: {r: 0.5, g: 0.5, b: 0.5, a: 1}
  m_FogMode: 3
  m_FogDensity: 0.01
  m_LinearFogStart: 0
  m_LinearFogEnd: 300
  m_AmbientSkyColor: {r: 0.212, g: 0.227, b: 0.259, a: 1}
  m_AmbientEquatorColor: {r: 0.114, g: 0.125, b: 0.133, a: 1}
  m_AmbientGroundColor: {r: 0.047, g: 0.043, b: 0.035, a: 1}
  m_AmbientIntensity: 1
  m_AmbientMode: 0
  m_SubtractiveShadowColor: {r: 0.42, g: 0.478, b: 0.627, a: 1}
  m_SkyboxMaterial: {fileID: 10304, guid: 0000000000000000f000000000000000, type: 0}
  m_HaloStrength: 0.5
  m_FlareStrength: 1
  m_FlareFadeSpeed: 3
  m_HaloTexture: {fileID: 0}
  m_SpotCookie: {fileID: 10001, guid: 0000000000000000e000000000000000, type: 0}
  m_DefaultReflectionMode: 1
  m_DefaultReflectionResolution: 128
  m_ReflectionBounces: 1
  m_ReflectionIntensity: 1
  m_CustomReflection: {fileID: 8900000, guid: 467ddecdaae493947b2c3cf9c3343d81, type: 3}
  m_Sun: {fileID: 0}
  m_IndirectSpecularColor: {r: 0.1815468, g: 0.22718757, b: 0.30740595, a: 1}
  m_UseRadianceAmbientProbe: 0
--- !u!157 &3
LightmapSettings:
  m_ObjectHideFlags: 0
  serializedVersion: 11
  m_GIWorkflowMode: 1
  m_GISettings:
    serializedVersion: 2
    m_BounceScale: 1
    m_IndirectOutputScale: 1
    m_AlbedoBoost: 1
    m_TemporalCoherenceThreshold: 1
    m_EnvironmentLightingMode: 0
    m_EnableBakedLightmaps: 1
    m_EnableRealtimeLightmaps: 1
  m_LightmapEditorSettings:
    serializedVersion: 10
    m_Resolution: 2
    m_BakeResolution: 40
    m_AtlasSize: 1024
    m_AO: 0
    m_AOMaxDistance: 1
    m_CompAOExponent: 1
    m_CompAOExponentDirect: 0
    m_Padding: 2
    m_LightmapParameters: {fileID: 0}
    m_LightmapsBakeMode: 1
    m_TextureCompression: 1
    m_FinalGather: 0
    m_FinalGatherFiltering: 1
    m_FinalGatherRayCount: 256
    m_ReflectionCompression: 1
    m_MixedBakeMode: 2
    m_BakeBackend: 1
    m_PVRSampling: 1
    m_PVRDirectSampleCount: 32
    m_PVRSampleCount: 500
    m_PVRBounces: 2
    m_PVRFilterTypeDirect: 0
    m_PVRFilterTypeIndirect: 0
    m_PVRFilterTypeAO: 0
    m_PVRFilteringMode: 1
    m_PVRCulling: 1
    m_PVRFilteringGaussRadiusDirect: 1
    m_PVRFilteringGaussRadiusIndirect: 5
    m_PVRFilteringGaussRadiusAO: 2
    m_PVRFilteringAtrousPositionSigmaDirect: 0.5
    m_PVRFilteringAtrousPositionSigmaIndirect: 2
    m_PVRFilteringAtrousPositionSigmaAO: 1
    m_ShowResolutionOverlay: 1
  m_LightingDataAsset: {fileID: 112000002, guid: 495eebb1d01a0c142aece6d5953d9af3,
    type: 2}
  m_UseShadowmask: 1
--- !u!196 &4
NavMeshSettings:
  serializedVersion: 2
  m_ObjectHideFlags: 0
  m_BuildSettings:
    serializedVersion: 2
    agentTypeID: 0
    agentRadius: 0.5
    agentHeight: 2
    agentSlope: 45
    agentClimb: 0.4
    ledgeDropHeight: 0
    maxJumpAcrossDistance: 0
    minRegionArea: 2
    manualCellSize: 0
    cellSize: 0.16666667
    manualTileSize: 0
    tileSize: 256
    accuratePlacement: 0
    debug:
      m_Flags: 0
  m_NavMeshData: {fileID: 0}
--- !u!1001 &73675533
Prefab:
  m_ObjectHideFlags: 0
  serializedVersion: 2
  m_Modification:
    m_TransformParent: {fileID: 0}
    m_Modifications:
    - target: {fileID: 400000, guid: efbc7aaed080d31418251812fc4cfad8, type: 2}
      propertyPath: m_LocalPosition.x
      value: -5.586
      objectReference: {fileID: 0}
    - target: {fileID: 400000, guid: efbc7aaed080d31418251812fc4cfad8, type: 2}
      propertyPath: m_LocalPosition.y
      value: 0.2
      objectReference: {fileID: 0}
    - target: {fileID: 400000, guid: efbc7aaed080d31418251812fc4cfad8, type: 2}
      propertyPath: m_LocalPosition.z
      value: 8.846
      objectReference: {fileID: 0}
    - target: {fileID: 400000, guid: efbc7aaed080d31418251812fc4cfad8, type: 2}
      propertyPath: m_LocalRotation.x
      value: 0
      objectReference: {fileID: 0}
    - target: {fileID: 400000, guid: efbc7aaed080d31418251812fc4cfad8, type: 2}
      propertyPath: m_LocalRotation.y
      value: 0
      objectReference: {fileID: 0}
    - target: {fileID: 400000, guid: efbc7aaed080d31418251812fc4cfad8, type: 2}
      propertyPath: m_LocalRotation.z
      value: 0
      objectReference: {fileID: 0}
    - target: {fileID: 400000, guid: efbc7aaed080d31418251812fc4cfad8, type: 2}
      propertyPath: m_LocalRotation.w
      value: 1
      objectReference: {fileID: 0}
    - target: {fileID: 400000, guid: efbc7aaed080d31418251812fc4cfad8, type: 2}
      propertyPath: m_RootOrder
      value: 5
      objectReference: {fileID: 0}
    m_RemovedComponents: []
  m_SourcePrefab: {fileID: 100100000, guid: efbc7aaed080d31418251812fc4cfad8, type: 2}
  m_IsPrefabAsset: 0
--- !u!1001 &176944493
Prefab:
  m_ObjectHideFlags: 0
  serializedVersion: 2
  m_Modification:
    m_TransformParent: {fileID: 0}
    m_Modifications:
    - target: {fileID: 435508, guid: 1801cf263fd8e164db14202a5ea39715, type: 2}
      propertyPath: m_LocalPosition.x
      value: -9.088
      objectReference: {fileID: 0}
    - target: {fileID: 435508, guid: 1801cf263fd8e164db14202a5ea39715, type: 2}
      propertyPath: m_LocalPosition.y
      value: 0.574
      objectReference: {fileID: 0}
    - target: {fileID: 435508, guid: 1801cf263fd8e164db14202a5ea39715, type: 2}
      propertyPath: m_LocalPosition.z
      value: 4.006
      objectReference: {fileID: 0}
    - target: {fileID: 435508, guid: 1801cf263fd8e164db14202a5ea39715, type: 2}
      propertyPath: m_LocalRotation.x
      value: 0
      objectReference: {fileID: 0}
    - target: {fileID: 435508, guid: 1801cf263fd8e164db14202a5ea39715, type: 2}
      propertyPath: m_LocalRotation.y
      value: 0
      objectReference: {fileID: 0}
    - target: {fileID: 435508, guid: 1801cf263fd8e164db14202a5ea39715, type: 2}
      propertyPath: m_LocalRotation.z
      value: 0
      objectReference: {fileID: 0}
    - target: {fileID: 435508, guid: 1801cf263fd8e164db14202a5ea39715, type: 2}
      propertyPath: m_LocalRotation.w
      value: 1
      objectReference: {fileID: 0}
    - target: {fileID: 435508, guid: 1801cf263fd8e164db14202a5ea39715, type: 2}
      propertyPath: m_RootOrder
      value: 11
      objectReference: {fileID: 0}
    m_RemovedComponents: []
  m_SourcePrefab: {fileID: 100100000, guid: 1801cf263fd8e164db14202a5ea39715, type: 2}
  m_IsPrefabAsset: 0
--- !u!1 &284165691 stripped
GameObject:
  m_CorrespondingSourceObject: {fileID: 166872, guid: 8b0e041139b374b4e869fec62970a236,
    type: 2}
  m_PrefabInternal: {fileID: 746732490}
--- !u!1001 &331099909
Prefab:
  m_ObjectHideFlags: 0
  serializedVersion: 2
  m_Modification:
    m_TransformParent: {fileID: 0}
    m_Modifications:
    - target: {fileID: 496220, guid: 2b04d46579fa05b4893ee55a9b307b3f, type: 2}
      propertyPath: m_LocalPosition.x
      value: -7.45
      objectReference: {fileID: 0}
    - target: {fileID: 496220, guid: 2b04d46579fa05b4893ee55a9b307b3f, type: 2}
      propertyPath: m_LocalPosition.y
      value: 0.43
      objectReference: {fileID: 0}
    - target: {fileID: 496220, guid: 2b04d46579fa05b4893ee55a9b307b3f, type: 2}
      propertyPath: m_LocalPosition.z
      value: 0.88
      objectReference: {fileID: 0}
    - target: {fileID: 496220, guid: 2b04d46579fa05b4893ee55a9b307b3f, type: 2}
      propertyPath: m_LocalRotation.x
      value: 0
      objectReference: {fileID: 0}
    - target: {fileID: 496220, guid: 2b04d46579fa05b4893ee55a9b307b3f, type: 2}
      propertyPath: m_LocalRotation.y
      value: 0
      objectReference: {fileID: 0}
    - target: {fileID: 496220, guid: 2b04d46579fa05b4893ee55a9b307b3f, type: 2}
      propertyPath: m_LocalRotation.z
      value: 0
      objectReference: {fileID: 0}
    - target: {fileID: 496220, guid: 2b04d46579fa05b4893ee55a9b307b3f, type: 2}
      propertyPath: m_LocalRotation.w
      value: 1
      objectReference: {fileID: 0}
    - target: {fileID: 496220, guid: 2b04d46579fa05b4893ee55a9b307b3f, type: 2}
      propertyPath: m_RootOrder
      value: 9
      objectReference: {fileID: 0}
    m_RemovedComponents: []
  m_SourcePrefab: {fileID: 100100000, guid: 2b04d46579fa05b4893ee55a9b307b3f, type: 2}
  m_IsPrefabAsset: 0
--- !u!1001 &492679544
Prefab:
  m_ObjectHideFlags: 0
  serializedVersion: 2
  m_Modification:
    m_TransformParent: {fileID: 0}
    m_Modifications:
    - target: {fileID: 493804, guid: 59c5bd3f2ffc0264e948a276300e36f3, type: 2}
      propertyPath: m_LocalPosition.x
      value: -3.09
      objectReference: {fileID: 0}
    - target: {fileID: 493804, guid: 59c5bd3f2ffc0264e948a276300e36f3, type: 2}
      propertyPath: m_LocalPosition.y
      value: 0.29
      objectReference: {fileID: 0}
    - target: {fileID: 493804, guid: 59c5bd3f2ffc0264e948a276300e36f3, type: 2}
      propertyPath: m_LocalPosition.z
      value: 5.32
      objectReference: {fileID: 0}
    - target: {fileID: 493804, guid: 59c5bd3f2ffc0264e948a276300e36f3, type: 2}
      propertyPath: m_LocalRotation.x
      value: 0
      objectReference: {fileID: 0}
    - target: {fileID: 493804, guid: 59c5bd3f2ffc0264e948a276300e36f3, type: 2}
      propertyPath: m_LocalRotation.y
      value: 0
      objectReference: {fileID: 0}
    - target: {fileID: 493804, guid: 59c5bd3f2ffc0264e948a276300e36f3, type: 2}
      propertyPath: m_LocalRotation.z
      value: 0
      objectReference: {fileID: 0}
    - target: {fileID: 493804, guid: 59c5bd3f2ffc0264e948a276300e36f3, type: 2}
      propertyPath: m_LocalRotation.w
      value: 1
      objectReference: {fileID: 0}
    - target: {fileID: 493804, guid: 59c5bd3f2ffc0264e948a276300e36f3, type: 2}
      propertyPath: m_RootOrder
      value: 2
      objectReference: {fileID: 0}
    m_RemovedComponents: []
  m_SourcePrefab: {fileID: 100100000, guid: 59c5bd3f2ffc0264e948a276300e36f3, type: 2}
  m_IsPrefabAsset: 0
--- !u!1001 &516324922
Prefab:
  m_ObjectHideFlags: 0
  serializedVersion: 2
  m_Modification:
    m_TransformParent: {fileID: 0}
    m_Modifications:
    - target: {fileID: 476146, guid: aa79bd001d2fc3c4b9a07d809c490276, type: 2}
      propertyPath: m_LocalPosition.x
      value: -5.01
      objectReference: {fileID: 0}
    - target: {fileID: 476146, guid: aa79bd001d2fc3c4b9a07d809c490276, type: 2}
      propertyPath: m_LocalPosition.y
      value: 0.01
      objectReference: {fileID: 0}
    - target: {fileID: 476146, guid: aa79bd001d2fc3c4b9a07d809c490276, type: 2}
      propertyPath: m_LocalPosition.z
      value: 3.87
      objectReference: {fileID: 0}
    - target: {fileID: 476146, guid: aa79bd001d2fc3c4b9a07d809c490276, type: 2}
      propertyPath: m_LocalRotation.x
      value: 0
      objectReference: {fileID: 0}
    - target: {fileID: 476146, guid: aa79bd001d2fc3c4b9a07d809c490276, type: 2}
      propertyPath: m_LocalRotation.y
      value: 0
      objectReference: {fileID: 0}
    - target: {fileID: 476146, guid: aa79bd001d2fc3c4b9a07d809c490276, type: 2}
      propertyPath: m_LocalRotation.z
      value: 0
      objectReference: {fileID: 0}
    - target: {fileID: 476146, guid: aa79bd001d2fc3c4b9a07d809c490276, type: 2}
      propertyPath: m_LocalRotation.w
      value: 1
      objectReference: {fileID: 0}
    - target: {fileID: 476146, guid: aa79bd001d2fc3c4b9a07d809c490276, type: 2}
      propertyPath: m_RootOrder
      value: 7
      objectReference: {fileID: 0}
    m_RemovedComponents: []
  m_SourcePrefab: {fileID: 100100000, guid: aa79bd001d2fc3c4b9a07d809c490276, type: 2}
  m_IsPrefabAsset: 0
--- !u!1 &570177850
GameObject:
  m_ObjectHideFlags: 0
  m_CorrespondingSourceObject: {fileID: 0}
  m_PrefabInternal: {fileID: 0}
  serializedVersion: 6
  m_Component:
  - component: {fileID: 570177852}
  - component: {fileID: 570177851}
  m_Layer: 0
  m_Name: Reflection Probe
  m_TagString: Untagged
  m_Icon: {fileID: 0}
  m_NavMeshLayer: 0
  m_StaticEditorFlags: 0
  m_IsActive: 1
--- !u!215 &570177851
ReflectionProbe:
  m_ObjectHideFlags: 0
  m_CorrespondingSourceObject: {fileID: 0}
  m_PrefabInternal: {fileID: 0}
  m_GameObject: {fileID: 570177850}
  m_Enabled: 1
  serializedVersion: 2
  m_Type: 0
  m_Mode: 0
  m_RefreshMode: 0
  m_TimeSlicingMode: 0
  m_Resolution: 64
  m_UpdateFrequency: 0
  m_BoxSize: {x: 18, y: 4, z: 18}
  m_BoxOffset: {x: 0, y: 0, z: 0}
  m_NearClip: 0.3
  m_FarClip: 30
  m_ShadowDistance: 30
  m_ClearFlags: 1
  m_BackGroundColor: {r: 0.19215687, g: 0.3019608, b: 0.4745098, a: 0}
  m_CullingMask:
    serializedVersion: 2
    m_Bits: 4294967295
  m_IntensityMultiplier: 1
  m_BlendDistance: 1
  m_HDR: 1
  m_BoxProjection: 1
  m_RenderDynamicObjects: 0
  m_UseOcclusionCulling: 1
  m_Importance: 1
  m_CustomBakedTexture: {fileID: 0}
--- !u!4 &570177852
Transform:
  m_ObjectHideFlags: 0
  m_CorrespondingSourceObject: {fileID: 0}
  m_PrefabInternal: {fileID: 0}
  m_GameObject: {fileID: 570177850}
  m_LocalRotation: {x: 0, y: 0, z: 0, w: 1}
  m_LocalPosition: {x: 0, y: 0, z: 0}
  m_LocalScale: {x: 1, y: 1, z: 1}
  m_Children: []
  m_Father: {fileID: 0}
  m_RootOrder: 12
  m_LocalEulerAnglesHint: {x: 0, y: 0, z: 0}
--- !u!1 &577555713 stripped
GameObject:
  m_CorrespondingSourceObject: {fileID: 167470, guid: 2b04d46579fa05b4893ee55a9b307b3f,
    type: 2}
  m_PrefabInternal: {fileID: 331099909}
--- !u!1 &582292114 stripped
GameObject:
  m_CorrespondingSourceObject: {fileID: 1646337991703676, guid: cb932fec2ffc03e48b674f1423671390,
    type: 2}
  m_PrefabInternal: {fileID: 1617988855}
--- !u!1 &603179543 stripped
GameObject:
  m_CorrespondingSourceObject: {fileID: 1279317653021110, guid: 2f7e30cfca623a148aa6f75d514f1e85,
    type: 2}
  m_PrefabInternal: {fileID: 1468155638}
--- !u!1001 &704559637
Prefab:
  m_ObjectHideFlags: 0
  serializedVersion: 2
  m_Modification:
    m_TransformParent: {fileID: 0}
    m_Modifications:
    - target: {fileID: 400000, guid: 84fa1372da0bc1849a3f058e3cad16eb, type: 2}
      propertyPath: m_LocalPosition.x
      value: -5.83
      objectReference: {fileID: 0}
    - target: {fileID: 400000, guid: 84fa1372da0bc1849a3f058e3cad16eb, type: 2}
      propertyPath: m_LocalPosition.y
      value: 0.388
      objectReference: {fileID: 0}
    - target: {fileID: 400000, guid: 84fa1372da0bc1849a3f058e3cad16eb, type: 2}
      propertyPath: m_LocalPosition.z
      value: 6.692
      objectReference: {fileID: 0}
    - target: {fileID: 400000, guid: 84fa1372da0bc1849a3f058e3cad16eb, type: 2}
      propertyPath: m_LocalRotation.x
      value: 0
      objectReference: {fileID: 0}
    - target: {fileID: 400000, guid: 84fa1372da0bc1849a3f058e3cad16eb, type: 2}
      propertyPath: m_LocalRotation.y
      value: 0
      objectReference: {fileID: 0}
    - target: {fileID: 400000, guid: 84fa1372da0bc1849a3f058e3cad16eb, type: 2}
      propertyPath: m_LocalRotation.z
      value: 0
      objectReference: {fileID: 0}
    - target: {fileID: 400000, guid: 84fa1372da0bc1849a3f058e3cad16eb, type: 2}
      propertyPath: m_LocalRotation.w
      value: 1
      objectReference: {fileID: 0}
    - target: {fileID: 400000, guid: 84fa1372da0bc1849a3f058e3cad16eb, type: 2}
      propertyPath: m_RootOrder
      value: 4
      objectReference: {fileID: 0}
    m_RemovedComponents: []
  m_SourcePrefab: {fileID: 100100000, guid: 84fa1372da0bc1849a3f058e3cad16eb, type: 2}
  m_IsPrefabAsset: 0
--- !u!1001 &746732490
Prefab:
  m_ObjectHideFlags: 0
  serializedVersion: 2
  m_Modification:
    m_TransformParent: {fileID: 0}
    m_Modifications:
    - target: {fileID: 449748, guid: 8b0e041139b374b4e869fec62970a236, type: 2}
      propertyPath: m_LocalPosition.x
      value: -5.35
      objectReference: {fileID: 0}
    - target: {fileID: 449748, guid: 8b0e041139b374b4e869fec62970a236, type: 2}
      propertyPath: m_LocalPosition.y
      value: 0.16
      objectReference: {fileID: 0}
    - target: {fileID: 449748, guid: 8b0e041139b374b4e869fec62970a236, type: 2}
      propertyPath: m_LocalPosition.z
      value: 2.4
      objectReference: {fileID: 0}
    - target: {fileID: 449748, guid: 8b0e041139b374b4e869fec62970a236, type: 2}
      propertyPath: m_LocalRotation.x
      value: 0
      objectReference: {fileID: 0}
    - target: {fileID: 449748, guid: 8b0e041139b374b4e869fec62970a236, type: 2}
      propertyPath: m_LocalRotation.y
      value: 0
      objectReference: {fileID: 0}
    - target: {fileID: 449748, guid: 8b0e041139b374b4e869fec62970a236, type: 2}
      propertyPath: m_LocalRotation.z
      value: 0
      objectReference: {fileID: 0}
    - target: {fileID: 449748, guid: 8b0e041139b374b4e869fec62970a236, type: 2}
      propertyPath: m_LocalRotation.w
      value: 1
      objectReference: {fileID: 0}
    - target: {fileID: 449748, guid: 8b0e041139b374b4e869fec62970a236, type: 2}
      propertyPath: m_RootOrder
      value: 10
      objectReference: {fileID: 0}
    m_RemovedComponents: []
  m_SourcePrefab: {fileID: 100100000, guid: 8b0e041139b374b4e869fec62970a236, type: 2}
  m_IsPrefabAsset: 0
--- !u!1 &777536143
GameObject:
  m_ObjectHideFlags: 0
  m_CorrespondingSourceObject: {fileID: 0}
  m_PrefabInternal: {fileID: 0}
  serializedVersion: 6
  m_Component:
  - component: {fileID: 777536147}
  - component: {fileID: 777536146}
  - component: {fileID: 777536145}
  - component: {fileID: 777536144}
  m_Layer: 0
  m_Name: Cube
  m_TagString: Untagged
  m_Icon: {fileID: 0}
  m_NavMeshLayer: 0
  m_StaticEditorFlags: 0
  m_IsActive: 1
--- !u!65 &777536144
BoxCollider:
  m_ObjectHideFlags: 0
  m_CorrespondingSourceObject: {fileID: 0}
  m_PrefabInternal: {fileID: 0}
  m_GameObject: {fileID: 777536143}
  m_Material: {fileID: 0}
  m_IsTrigger: 0
  m_Enabled: 1
  serializedVersion: 2
  m_Size: {x: 1, y: 1, z: 1}
  m_Center: {x: 0, y: 0, z: 0}
--- !u!23 &777536145
MeshRenderer:
  m_ObjectHideFlags: 0
  m_CorrespondingSourceObject: {fileID: 0}
  m_PrefabInternal: {fileID: 0}
  m_GameObject: {fileID: 777536143}
  m_Enabled: 1
  m_CastShadows: 1
  m_ReceiveShadows: 1
  m_DynamicOccludee: 1
  m_MotionVectors: 1
  m_LightProbeUsage: 1
  m_ReflectionProbeUsage: 1
  m_RenderingLayerMask: 4294967295
  m_Materials:
  - {fileID: 10303, guid: 0000000000000000f000000000000000, type: 0}
  m_StaticBatchInfo:
    firstSubMesh: 0
    subMeshCount: 0
  m_StaticBatchRoot: {fileID: 0}
  m_ProbeAnchor: {fileID: 0}
  m_LightProbeVolumeOverride: {fileID: 0}
  m_ScaleInLightmap: 1
  m_PreserveUVs: 0
  m_IgnoreNormalsForChartDetection: 0
  m_ImportantGI: 0
  m_StitchLightmapSeams: 0
  m_SelectedEditorRenderState: 3
  m_MinimumChartSize: 4
  m_AutoUVMaxDistance: 0.5
  m_AutoUVMaxAngle: 89
  m_LightmapParameters: {fileID: 0}
  m_SortingLayerID: 0
  m_SortingLayer: 0
  m_SortingOrder: 0
--- !u!33 &777536146
MeshFilter:
  m_ObjectHideFlags: 0
  m_CorrespondingSourceObject: {fileID: 0}
  m_PrefabInternal: {fileID: 0}
  m_GameObject: {fileID: 777536143}
  m_Mesh: {fileID: 10202, guid: 0000000000000000e000000000000000, type: 0}
--- !u!4 &777536147
Transform:
  m_ObjectHideFlags: 0
  m_CorrespondingSourceObject: {fileID: 0}
  m_PrefabInternal: {fileID: 0}
  m_GameObject: {fileID: 777536143}
  m_LocalRotation: {x: 0, y: 0, z: 0, w: 1}
  m_LocalPosition: {x: -5.052417, y: -0.13900302, z: 3.4125438}
  m_LocalScale: {x: 30, y: 0.01, z: 30}
  m_Children: []
  m_Father: {fileID: 0}
  m_RootOrder: 14
  m_LocalEulerAnglesHint: {x: 0, y: 0, z: 0}
--- !u!1 &789785311
GameObject:
  m_ObjectHideFlags: 0
  m_CorrespondingSourceObject: {fileID: 0}
  m_PrefabInternal: {fileID: 0}
  serializedVersion: 6
  m_Component:
  - component: {fileID: 789785312}
  - component: {fileID: 789785313}
  m_Layer: 0
  m_Name: MeshBaker
  m_TagString: Untagged
  m_Icon: {fileID: 0}
  m_NavMeshLayer: 0
  m_StaticEditorFlags: 0
  m_IsActive: 1
--- !u!4 &789785312
Transform:
  m_ObjectHideFlags: 0
  m_CorrespondingSourceObject: {fileID: 0}
  m_PrefabInternal: {fileID: 0}
  m_GameObject: {fileID: 789785311}
  m_LocalRotation: {x: -0, y: -0, z: -0, w: 1}
  m_LocalPosition: {x: 0, y: 0, z: 0}
  m_LocalScale: {x: 1, y: 1, z: 1}
  m_Children: []
  m_Father: {fileID: 914336768}
  m_RootOrder: 0
  m_LocalEulerAnglesHint: {x: 0, y: 0, z: 0}
--- !u!114 &789785313
MonoBehaviour:
  m_ObjectHideFlags: 0
  m_CorrespondingSourceObject: {fileID: 0}
  m_PrefabInternal: {fileID: 0}
  m_GameObject: {fileID: 789785311}
  m_Enabled: 1
  m_EditorHideFlags: 0
  m_Script: {fileID: 11500000, guid: 2fb2e0d8bc810bb48b63c91af80d5f17, type: 3}
  m_Name: 
  m_EditorClassIdentifier: 
  sortAxis: {x: 0, y: 0, z: 0}
  objsToMesh: []
  useObjsToMeshFromTexBaker: 1
  clearBuffersAfterBake: 1
  bakeAssetsInPlaceFolderPath: Assets/_Project/_Geometry/Boxes/BakedMeshes
  resultPrefab: {fileID: 1969895395370356, guid: ab77fb3783740a74e8078a6b0ea4ac20,
    type: 2}
  _meshCombiner:
    _LOG_LEVEL: 3
    _validationLevel: 2
    _name: MeshBaker-mesh
    _textureBakeResults: {fileID: 11400000, guid: 22caf7afc3547344a8f0b7a524c5bc18,
      type: 2}
    _resultSceneObject: {fileID: 0}
    _targetRenderer: {fileID: 0}
    _renderType: 0
    _outputOption: 1
    _lightmapOption: 1
    _doNorm: 1
    _doTan: 1
    _doCol: 1
    _doUV: 1
    _doUV3: 1
    _doUV4: 1
    _doBlendShapes: 0
    _recenterVertsToBoundsCenter: 1
    _optimizeAfterBake: 1
    uv2UnwrappingParamsHardAngle: 60
    uv2UnwrappingParamsPackMargin: 0.005
    objectsInCombinedMesh: []
    lightmapIndex: -1
    mbDynamicObjectsInCombinedMesh: []
    verts: []
    normals: []
    tangents: []
    uvs: []
    uv2s: []
    uv3s: []
    uv4s: []
    colors: []
    bindPoses: []
    bones: []
    blendShapes: []
    blendShapesInCombined: []
    submeshTris: []
    _mesh: {fileID: 4300000, guid: 576b66b3f2d21c040b772188a880b2f6, type: 2}
--- !u!1 &797927402 stripped
GameObject:
  m_CorrespondingSourceObject: {fileID: 100000, guid: efbc7aaed080d31418251812fc4cfad8,
    type: 2}
  m_PrefabInternal: {fileID: 73675533}
--- !u!1 &914336765
GameObject:
  m_ObjectHideFlags: 0
  m_CorrespondingSourceObject: {fileID: 0}
  m_PrefabInternal: {fileID: 0}
  serializedVersion: 6
  m_Component:
  - component: {fileID: 914336768}
  - component: {fileID: 914336767}
  - component: {fileID: 914336766}
  m_Layer: 0
  m_Name: MeshBaker-UBER - Specular Setup-Tessellation- Core (fallback to POM Advanced)-LM-1
  m_TagString: Untagged
  m_Icon: {fileID: 0}
  m_NavMeshLayer: 0
  m_StaticEditorFlags: 0
  m_IsActive: 1
--- !u!114 &914336766
MonoBehaviour:
  m_ObjectHideFlags: 0
  m_CorrespondingSourceObject: {fileID: 0}
  m_PrefabInternal: {fileID: 0}
  m_GameObject: {fileID: 914336765}
  m_Enabled: 1
  m_EditorHideFlags: 0
  m_Script: {fileID: 11500000, guid: a97974931c5043247b11cd77898c1702, type: 3}
  m_Name: 
  m_EditorClassIdentifier: 
  clusterType: 0
  data:
    clusterOnLMIndex: 0
    clusterByLODLevel: 0
    origin: {x: 0, y: 0, z: 0}
    cellSize: {x: 0, y: 0, z: 0}
    pieNumSegments: 4
    pieAxis: {x: 0, y: 1, z: 0}
    height: 1
    maxDistBetweenClusters: 1
    includeCellsWithOnlyOneRenderer: 1
  sourceObjectBounds:
    m_Center: {x: -5.7079306, y: 0.4450149, z: 5.55434}
    m_Extent: {x: 2.8104334, y: 0.9671243, z: 3.1285596}
--- !u!114 &914336767
MonoBehaviour:
  m_ObjectHideFlags: 0
  m_CorrespondingSourceObject: {fileID: 0}
  m_PrefabInternal: {fileID: 0}
  m_GameObject: {fileID: 914336765}
  m_Enabled: 1
  m_EditorHideFlags: 0
  m_Script: {fileID: 11500000, guid: 077f80fe3940dc7468ecec90989abe66, type: 3}
  m_Name: 
  m_EditorClassIdentifier: 
  sortAxis: {x: 0, y: 0, z: 0}
  LOG_LEVEL: 3
  _textureBakeResults: {fileID: 11400000, guid: 22caf7afc3547344a8f0b7a524c5bc18,
    type: 2}
  _atlasPadding: 2
  _maxAtlasSize: 8192
  _useMaxAtlasWidthOverride: 0
  _maxAtlasWidthOverride: 4096
  _useMaxAtlasHeightOverride: 0
  _maxAtlasHeightOverride: 4096
  _resizePowerOfTwoTextures: 0
  _fixOutOfBoundsUVs: 0
  _maxTilingBakeSize: 1024
  _packingAlgorithm: 1
  _meshBakerTexturePackerForcePowerOfTwo: 1
  _customShaderProperties: []
  _customShaderPropNames_Depricated: []
  _doMultiMaterial: 1
  _doMultiMaterialSplitAtlasesIfTooBig: 1
  _doMultiMaterialSplitAtlasesIfOBUVs: 1
  _resultMaterial: {fileID: 2100000, guid: 7746111f64414e543b0eaa4a39f36628, type: 2}
  _considerNonTextureProperties: 0
  _doSuggestTreatment: 1
  resultMaterials:
  - combinedMaterial: {fileID: 2100000, guid: 48c2df54f3eb261429858cf0c9cbc00e, type: 2}
    considerMeshUVs: 0
    sourceMaterials:
    - {fileID: 2100000, guid: 7ba840b382e52e8448b03edb04165c42, type: 2}
    - {fileID: 2100000, guid: e49411fb77172764ba3123f1c7dc8d54, type: 2}
    - {fileID: 2100000, guid: 25cf391b82a62fd409ac25582b00a664, type: 2}
    - {fileID: 2100000, guid: 474f30d526a7a2d4eb888a2bdb878880, type: 2}
    - {fileID: 2100000, guid: 70ab9d48b72ca3e48916b5f6416befd9, type: 2}
  objsToMesh:
  - {fileID: 1800387399}
  - {fileID: 1785671110}
  - {fileID: 1688326704}
  - {fileID: 2087466575}
  - {fileID: 2065607617}
  - {fileID: 2012634218}
  - {fileID: 284165691}
  - {fileID: 582292114}
  - {fileID: 603179543}
  - {fileID: 1053730174}
  - {fileID: 797927402}
  - {fileID: 577555713}
  OnCombinedTexturesCoroutineAtlasesAndRects:
  - atlases:
    - {fileID: 0}
    - {fileID: 0}
    - {fileID: 0}
    - {fileID: 0}
    - {fileID: 0}
    - {fileID: 0}
    - {fileID: 0}
    texPropertyNames:
    - _MainTex
    - _BumpMap
    - _ParallaxMap
    - _SpecGlossMap
    - _OcclusionMap
    - _EmissionMap
    - _DetailMask
--- !u!4 &914336768
Transform:
  m_ObjectHideFlags: 0
  m_CorrespondingSourceObject: {fileID: 0}
  m_PrefabInternal: {fileID: 0}
  m_GameObject: {fileID: 914336765}
  m_LocalRotation: {x: 0, y: 0, z: 0, w: 1}
  m_LocalPosition: {x: 0, y: 0, z: 0}
  m_LocalScale: {x: 1, y: 1, z: 1}
  m_Children:
  - {fileID: 789785312}
  m_Father: {fileID: 0}
  m_RootOrder: 13
  m_LocalEulerAnglesHint: {x: 0, y: 0, z: 0}
--- !u!1 &1053730174 stripped
GameObject:
  m_CorrespondingSourceObject: {fileID: 197592, guid: aa79bd001d2fc3c4b9a07d809c490276,
    type: 2}
  m_PrefabInternal: {fileID: 516324922}
--- !u!1001 &1261686802
Prefab:
  m_ObjectHideFlags: 0
  serializedVersion: 2
  m_Modification:
    m_TransformParent: {fileID: 0}
    m_Modifications:
    - target: {fileID: 421174, guid: 36fb2481533bf494e9499dc228c7fd7d, type: 2}
      propertyPath: m_LocalPosition.x
      value: -6.064
      objectReference: {fileID: 0}
    - target: {fileID: 421174, guid: 36fb2481533bf494e9499dc228c7fd7d, type: 2}
      propertyPath: m_LocalPosition.y
      value: 0.216
      objectReference: {fileID: 0}
    - target: {fileID: 421174, guid: 36fb2481533bf494e9499dc228c7fd7d, type: 2}
      propertyPath: m_LocalPosition.z
      value: 5.212
      objectReference: {fileID: 0}
    - target: {fileID: 421174, guid: 36fb2481533bf494e9499dc228c7fd7d, type: 2}
      propertyPath: m_LocalRotation.x
      value: 0
      objectReference: {fileID: 0}
    - target: {fileID: 421174, guid: 36fb2481533bf494e9499dc228c7fd7d, type: 2}
      propertyPath: m_LocalRotation.y
      value: 0
      objectReference: {fileID: 0}
    - target: {fileID: 421174, guid: 36fb2481533bf494e9499dc228c7fd7d, type: 2}
      propertyPath: m_LocalRotation.z
      value: 0
      objectReference: {fileID: 0}
    - target: {fileID: 421174, guid: 36fb2481533bf494e9499dc228c7fd7d, type: 2}
      propertyPath: m_LocalRotation.w
      value: 1
      objectReference: {fileID: 0}
    - target: {fileID: 421174, guid: 36fb2481533bf494e9499dc228c7fd7d, type: 2}
      propertyPath: m_RootOrder
      value: 8
      objectReference: {fileID: 0}
    m_RemovedComponents: []
  m_SourcePrefab: {fileID: 100100000, guid: 36fb2481533bf494e9499dc228c7fd7d, type: 2}
  m_IsPrefabAsset: 0
--- !u!1001 &1468155638
Prefab:
  m_ObjectHideFlags: 0
  serializedVersion: 2
  m_Modification:
    m_TransformParent: {fileID: 0}
    m_Modifications:
    - target: {fileID: 4548831719279456, guid: 2f7e30cfca623a148aa6f75d514f1e85, type: 2}
      propertyPath: m_LocalPosition.x
      value: -8.16
      objectReference: {fileID: 0}
    - target: {fileID: 4548831719279456, guid: 2f7e30cfca623a148aa6f75d514f1e85, type: 2}
      propertyPath: m_LocalPosition.y
      value: 0.274
      objectReference: {fileID: 0}
    - target: {fileID: 4548831719279456, guid: 2f7e30cfca623a148aa6f75d514f1e85, type: 2}
      propertyPath: m_LocalPosition.z
      value: 7.071
      objectReference: {fileID: 0}
    - target: {fileID: 4548831719279456, guid: 2f7e30cfca623a148aa6f75d514f1e85, type: 2}
      propertyPath: m_LocalRotation.x
      value: 0
      objectReference: {fileID: 0}
    - target: {fileID: 4548831719279456, guid: 2f7e30cfca623a148aa6f75d514f1e85, type: 2}
      propertyPath: m_LocalRotation.y
      value: 0
      objectReference: {fileID: 0}
    - target: {fileID: 4548831719279456, guid: 2f7e30cfca623a148aa6f75d514f1e85, type: 2}
      propertyPath: m_LocalRotation.z
      value: 0
      objectReference: {fileID: 0}
    - target: {fileID: 4548831719279456, guid: 2f7e30cfca623a148aa6f75d514f1e85, type: 2}
      propertyPath: m_LocalRotation.w
      value: 1
      objectReference: {fileID: 0}
    - target: {fileID: 4548831719279456, guid: 2f7e30cfca623a148aa6f75d514f1e85, type: 2}
      propertyPath: m_RootOrder
      value: 0
      objectReference: {fileID: 0}
    m_RemovedComponents: []
  m_SourcePrefab: {fileID: 100100000, guid: 2f7e30cfca623a148aa6f75d514f1e85, type: 2}
  m_IsPrefabAsset: 0
--- !u!1001 &1617988855
Prefab:
  m_ObjectHideFlags: 0
  serializedVersion: 2
  m_Modification:
    m_TransformParent: {fileID: 0}
    m_Modifications:
    - target: {fileID: 4443571229353224, guid: cb932fec2ffc03e48b674f1423671390, type: 2}
      propertyPath: m_LocalPosition.x
      value: -3.179
      objectReference: {fileID: 0}
    - target: {fileID: 4443571229353224, guid: cb932fec2ffc03e48b674f1423671390, type: 2}
      propertyPath: m_LocalPosition.y
      value: 0.318
      objectReference: {fileID: 0}
    - target: {fileID: 4443571229353224, guid: cb932fec2ffc03e48b674f1423671390, type: 2}
      propertyPath: m_LocalPosition.z
      value: 7.698
      objectReference: {fileID: 0}
    - target: {fileID: 4443571229353224, guid: cb932fec2ffc03e48b674f1423671390, type: 2}
      propertyPath: m_LocalRotation.x
      value: 0
      objectReference: {fileID: 0}
    - target: {fileID: 4443571229353224, guid: cb932fec2ffc03e48b674f1423671390, type: 2}
      propertyPath: m_LocalRotation.y
      value: 0
      objectReference: {fileID: 0}
    - target: {fileID: 4443571229353224, guid: cb932fec2ffc03e48b674f1423671390, type: 2}
      propertyPath: m_LocalRotation.z
      value: 0
      objectReference: {fileID: 0}
    - target: {fileID: 4443571229353224, guid: cb932fec2ffc03e48b674f1423671390, type: 2}
      propertyPath: m_LocalRotation.w
      value: 1
      objectReference: {fileID: 0}
    - target: {fileID: 4443571229353224, guid: cb932fec2ffc03e48b674f1423671390, type: 2}
      propertyPath: m_RootOrder
      value: 1
      objectReference: {fileID: 0}
    m_RemovedComponents: []
  m_SourcePrefab: {fileID: 100100000, guid: cb932fec2ffc03e48b674f1423671390, type: 2}
  m_IsPrefabAsset: 0
--- !u!1 &1688326704 stripped
GameObject:
  m_CorrespondingSourceObject: {fileID: 100000, guid: 84fa1372da0bc1849a3f058e3cad16eb,
    type: 2}
  m_PrefabInternal: {fileID: 704559637}
--- !u!1 &1785671110 stripped
GameObject:
  m_CorrespondingSourceObject: {fileID: 153704, guid: 957f2c8136bdc8849a90d48cdaa79f7f,
    type: 2}
  m_PrefabInternal: {fileID: 2090355832}
--- !u!1 &1800387399 stripped
GameObject:
  m_CorrespondingSourceObject: {fileID: 159032, guid: f2cff542d8137ef4a8893f166fad3e24,
    type: 2}
  m_PrefabInternal: {fileID: 1993535189}
--- !u!1001 &1993535189
Prefab:
  m_ObjectHideFlags: 0
  serializedVersion: 2
  m_Modification:
    m_TransformParent: {fileID: 0}
    m_Modifications:
    - target: {fileID: 409506, guid: f2cff542d8137ef4a8893f166fad3e24, type: 2}
      propertyPath: m_LocalPosition.x
      value: -8.041
      objectReference: {fileID: 0}
    - target: {fileID: 409506, guid: f2cff542d8137ef4a8893f166fad3e24, type: 2}
      propertyPath: m_LocalPosition.y
      value: 0.212
      objectReference: {fileID: 0}
    - target: {fileID: 409506, guid: f2cff542d8137ef4a8893f166fad3e24, type: 2}
      propertyPath: m_LocalPosition.z
      value: 5.501
      objectReference: {fileID: 0}
    - target: {fileID: 409506, guid: f2cff542d8137ef4a8893f166fad3e24, type: 2}
      propertyPath: m_LocalRotation.x
      value: 0
      objectReference: {fileID: 0}
    - target: {fileID: 409506, guid: f2cff542d8137ef4a8893f166fad3e24, type: 2}
      propertyPath: m_LocalRotation.y
      value: 0
      objectReference: {fileID: 0}
    - target: {fileID: 409506, guid: f2cff542d8137ef4a8893f166fad3e24, type: 2}
      propertyPath: m_LocalRotation.z
      value: 0
      objectReference: {fileID: 0}
    - target: {fileID: 409506, guid: f2cff542d8137ef4a8893f166fad3e24, type: 2}
      propertyPath: m_LocalRotation.w
      value: 1
      objectReference: {fileID: 0}
    - target: {fileID: 409506, guid: f2cff542d8137ef4a8893f166fad3e24, type: 2}
      propertyPath: m_RootOrder
      value: 6
      objectReference: {fileID: 0}
    m_RemovedComponents: []
  m_SourcePrefab: {fileID: 100100000, guid: f2cff542d8137ef4a8893f166fad3e24, type: 2}
  m_IsPrefabAsset: 0
--- !u!1 &2012634218 stripped
GameObject:
  m_CorrespondingSourceObject: {fileID: 136166, guid: 1801cf263fd8e164db14202a5ea39715,
    type: 2}
  m_PrefabInternal: {fileID: 176944493}
--- !u!1 &2065607617 stripped
GameObject:
  m_CorrespondingSourceObject: {fileID: 188068, guid: 36fb2481533bf494e9499dc228c7fd7d,
    type: 2}
  m_PrefabInternal: {fileID: 1261686802}
--- !u!1 &2087466575 stripped
GameObject:
  m_CorrespondingSourceObject: {fileID: 190322, guid: 59c5bd3f2ffc0264e948a276300e36f3,
    type: 2}
  m_PrefabInternal: {fileID: 492679544}
--- !u!1001 &2090355832
Prefab:
  m_ObjectHideFlags: 0
  serializedVersion: 2
  m_Modification:
    m_TransformParent: {fileID: 0}
    m_Modifications:
    - target: {fileID: 490408, guid: 957f2c8136bdc8849a90d48cdaa79f7f, type: 2}
      propertyPath: m_LocalPosition.x
      value: -2.93
      objectReference: {fileID: 0}
    - target: {fileID: 490408, guid: 957f2c8136bdc8849a90d48cdaa79f7f, type: 2}
      propertyPath: m_LocalPosition.y
      value: 0.31
      objectReference: {fileID: 0}
    - target: {fileID: 490408, guid: 957f2c8136bdc8849a90d48cdaa79f7f, type: 2}
      propertyPath: m_LocalPosition.z
      value: 3.79
      objectReference: {fileID: 0}
    - target: {fileID: 490408, guid: 957f2c8136bdc8849a90d48cdaa79f7f, type: 2}
      propertyPath: m_LocalRotation.x
      value: 0
      objectReference: {fileID: 0}
    - target: {fileID: 490408, guid: 957f2c8136bdc8849a90d48cdaa79f7f, type: 2}
      propertyPath: m_LocalRotation.y
      value: 0
      objectReference: {fileID: 0}
    - target: {fileID: 490408, guid: 957f2c8136bdc8849a90d48cdaa79f7f, type: 2}
      propertyPath: m_LocalRotation.z
      value: 0
      objectReference: {fileID: 0}
    - target: {fileID: 490408, guid: 957f2c8136bdc8849a90d48cdaa79f7f, type: 2}
      propertyPath: m_LocalRotation.w
      value: 1
      objectReference: {fileID: 0}
    - target: {fileID: 490408, guid: 957f2c8136bdc8849a90d48cdaa79f7f, type: 2}
      propertyPath: m_RootOrder
      value: 3
      objectReference: {fileID: 0}
    m_RemovedComponents: []
  m_SourcePrefab: {fileID: 100100000, guid: 957f2c8136bdc8849a90d48cdaa79f7f, type: 2}
  m_IsPrefabAsset: 0
